 Dungeon Crawl Stone Soup version 0.23.1 (webtiles) character file.

Game seed: 15648478628259492001

921 Kairos the Covert (level 8, -7/39 HPs)
             Began as a Vine Stalker Assassin on Mar 7, 2019.
             Was a Believer of Uskayaw.
             Mangled by a two-headed ogre
             ... wielding a +0 giant club
              (20 damage)
             ... on level 6 of the Dungeon.
             The game lasted 00:12:44 (4492 turns).

Kairos the Covert (Vine Stalker Assassin)           Turns: 4492, Time: 00:12:45

Health: -7/39      AC:  6    Str: 14    XL:     8   Next: 10%
Magic:  0/9        EV: 13    Int: 14    God:    Uskayaw [**....]
Gold:   264        SH:  5    Dex: 18    Spells: 7/7 levels left

rFire    . . .     SeeInvis .   a - +2 dagger
rCold    . . .     Gourm    .   r - +0 buckler
rNeg     . . .     Faith    +   c - +0 robe
rPois    .         Spirit   +   q - +0 helmet
rElec    .         Reflect  .   C - +1 cloak
rCorr    .         Harm     .   (no gloves)
MR       +....                  A - +0 pair of boots
Stlth    ++++......             n - amulet of faith
HPRegen  0.53/turn              I - +3 ring of intelligence
MPRegen  0.11/turn              (no ring)

@: about to teleport
A: fangs 3, regeneration 1, magic shield, antimagic bite, no potion heal 3, rot
immunity
a: Stomp, Line Pass, Renounce Religion


You were on level 6 of the Dungeon.
You worshipped Uskayaw.
Uskayaw was noncommittal.
You were not hungry.

You visited 2 branches of the dungeon, and saw 7 of its levels.

You collected 264 gold pieces.

Inventory:

Hand Weapons
 a - a +2 dagger (weapon)
 b - a +0 blowgun
 y - a +0 falchion of holy wrath
Missiles
 e - 27 poisoned needles
 f - 2 curare-tipped needles
Armour
 c - a +0 robe (worn)
 q - a +0 helmet (worn)
 r - a +0 buckler (worn)
 A - a +0 pair of boots (worn)
 C - a +1 cloak (worn)
Jewellery
 l - a +3 amulet of reflection
 n - an amulet of faith (around neck)
 I - a +3 ring of intelligence (left hand)
Wands
 D - a wand of digging (5)
 E - a wand of random effects (16)
 G - a wand of flame (11)
Scrolls
 d - a scroll of enchant weapon {unknown}
 i - 2 scrolls of teleportation
 k - 2 scrolls of remove curse
 p - 2 scrolls of amnesia
 t - a scroll of blinking {unknown}
 x - 2 scrolls of fear {unknown}
 z - a scroll of enchant armour {unknown}
 F - a scroll of magic mapping {unknown}
Potions
 h - 2 potions of flight
 j - 3 potions of curing
 o - a potion of mutation {unknown}
 s - a potion of agility
 u - a potion of brilliance {unknown}
 v - a potion of might {unknown}
 w - a potion of haste {unknown}
 B - a potion of degeneration {unknown}
 H - a potion of berserk rage {unknown}
Comestibles
 g - 5 rations


   Skills:
 + Level 2.7 Fighting
 + Level 4.8 Short Blades
 + Level 1.9 Throwing
 + Level 3.1 Dodging
 + Level 8.3 Stealth
 + Level 2.1 Shields


You had 7 spell levels left.
You didn't know any spells.
Your spell library was empty.

Dungeon Overview and Level Annotations

Branches:
Dungeon (6/15)             Temple (1/1) D:5

Altars:
Ashenzari
Cheibriados
Dithmenos
Elyvilon
Hepliaklqana
Kikubaaqudgha
Makhleb
Nemelex Xobeh
Sif Muna
Trog
Uskayaw
Vehumet
Wu Jian
Xom
Yredelemnul

Shops:
D:4 (   D:5 %


Innate Abilities, Weirdness & Mutations

You have razor-sharp teeth.
Your natural rate of healing is unusually fast.
When hurt, damage is shared between your health and your magic reserves.
Your bite disrupts and absorbs the magic of your enemies.
Potions cannot restore your health.
You are immune to rotting.


Message History

The two-headed ogre is lightly wounded.
You hit the two-headed ogre. You bite the two-headed ogre. You drain its power.
The two-headed ogre is moderately wounded.
The two-headed ogre hits you with a +0 giant club!
The two-headed ogre hits you with a +0 giant club!!
Ouch! That really hurt!
* * * LOW HITPOINT WARNING * * *
You can now pass through a line of other dancers.
Okay, then.
Unknown command.
Unknown command.
Unknown command.
Unknown command.
Okay, then.
As you read the scroll of teleportation, it crumbles to dust.
You feel strangely unstable.
You block the two-headed ogre's attack. x2
The two-headed ogre barely misses you.
The two-headed ogre hits you with a +0 giant club!!
Ouch! That really hurt!
You die...

##################
#................#
#.##############.#
#.#..........# #.#
#.#†......<#.# #.#
#.##########.# #.#
#).......@.#.# #.#
##########O#.# #.#
#.#.# #.# #.#.#
#.# #.#.###.#
#.#....?#
#.####### #.# #.#


You could see a two-headed ogre.

Vanquished Creatures
  Menkaure (D:5)
  An ogre (D:4)
  2 phantoms (D:4)
  2 centaurs
  A bullfrog zombie (D:5)
  A hound (D:6)
  2 orc wizards (D:3)
  An iguana (D:5)
  A worker ant (D:5)
  4 gnolls (D:5)
  5 adders
  An ooze (D:5)
  4 worms
  2 dart slugs
  3 leopard geckos
  13 orcs (D:3)
  A ball python (D:3)
  5 giant cockroaches
  11 goblins
  12 hobgoblins
  7 jackals
  2 quokkas
  11 bats
  5 frilled lizards
  6 kobolds
  A leopard gecko skeleton (D:2)
  7 rats
112 creatures vanquished.

Notes
Turn   | Place    | Note
-------+----------+-------------------------------------------
     0 | D:1      | Kairos the Vine Stalker Assassin began the quest for the
                  | Orb.
     0 | D:1      | Reached XP level 1. HP: 11/11 MP: 2/2
    51 | D:1      | Reached skill level 5 in Stealth
   129 | D:1      | Reached XP level 2. HP: 12/15 MP: 1/3
   750 | D:1      | Reached XP level 3. HP: 18/18 MP: 4/4
  1156 | D:2      | Reached skill level 1 in Dodging
  1156 | D:2      | Reached skill level 6 in Stealth
  1529 | D:2      | Gained mutation: Your natural rate of healing is unusually
                  | fast. [Vine Stalker growth]
  1529 | D:2      | Reached XP level 4. HP: 17/23 MP: 5/5
  1796 | D:2      | Found a bloodstained altar of Trog.
  2305 | D:3      | Reached XP level 5. HP: 11/26 MP: 3/6
  2558 | D:3      | Reached skill level 1 in Shields
  3008 | D:4      | Noticed a phantom
  3010 | D:4      | Killed a phantom
  3010 | D:4      | Reached XP level 6. HP: 30/30 MP: 7/7
  3143 | D:4      | Reached skill level 7 in Stealth
  3424 | D:4      | Found a radiant altar of Vehumet.
  3624 | D:4      | Noticed a phantom
  3631 | D:4      | Killed a phantom
  3631 | D:4      | Reached XP level 7. HP: 35/35 MP: 8/8
  3745 | D:4      | Found Ifonill's Antique Weapon Emporium.
  3821 | D:5      | Entered Level 5 of the Dungeon
  3821 | D:5      | Found Zoong's Food Shoppe.
  3853 | D:5      | Found a staircase to the Ecumenical Temple.
  3914 | Temple   | Entered the Ecumenical Temple
  3979 | Temple   | Became a worshipper of Uskayaw the Reveler
  4045 | D:5      | Noticed Menkaure
  4046 | D:5      | Reached * piety under Uskayaw
  4050 | D:5      | Killed Menkaure
  4050 | D:5      | Reached ** piety under Uskayaw
  4330 | D:5      | Reached skill level 8 in Stealth
  4422 | D:6      | Gained mutation: You have razor-sharp teeth. [Vine Stalker
                  | growth]
  4422 | D:6      | Reached XP level 8. HP: 39/39 MP: 9/9
  4485 | D:6      | Noticed a two-headed ogre
  4492 | D:6      | Mangled by a two-headed ogre

Skill      XL: |  1  2  3  4  5  6  7 |
---------------+----------------------+-----
Stealth        | 5 6 7 8 |  8.3
Short Blades   | 2 3 4 |  4.8
Dodging        | 1 2 3 |  3.1
Fighting       | 2 |  2.7
Shields        | 1 2 |  2.1
Throwing       | |  1.9

Action                   |  1- 3 |  4- 6 |  7- 9 || total
-------------------------+-------+-------+-------++-------
Melee: Dagger            |    97 |   197 |    70 ||   364
       Bite              |    21 |    57 |    24 ||   102
  Use: Scroll            |       |     5 |     2 ||     7
       Potion            |       |     1 |       ||     1
 Stab: Sleeping          |     7 |    12 |     7 ||    26
       Distracted        |       |     1 |       ||     1
  Eat: Chunk             |     1 |     6 |       ||     7
       Ration            |       |       |     2 ||     2
Armor: Robe              |    18 |    43 |     5 ||    66
Dodge: Dodged            |    56 |    81 |    28 ||   165
Block: Buckler           |     3 |    45 |    12 ||    60
       Other             |     2 |       |       ||     2
